SAAA
AUGUSTA TIMBER HAWKS @ PAWNEE PARKSNREC
08/08/2024
 
TOP OF THE 1ST
Augusta Timber Hawks batting - Pitching for Pawnee ParksNRec : RHP Albert Castillo
Pitching: RHP Albert Castillo
Batting: SHB Manuel González 0-0: Called Strike
0-1: Ball
1-1: Ball
2-1: Ball
3-1: Called Strike
3-2: Base on Balls
Batting: RHB Ralph McKnight 0-0: Ball
1-0: Foul Ball, location: 2F
1-1: Called Strike
1-2: Foul Ball, location: 2F
1-2: Ball
2-2: Ball
3-2: SINGLE (Line Drive, 34D)
Manuel González to second
Runner from 2nd tries for 3rd, SAFE, no throw or cutoff
Batting: RHB Luis Tapia 0-0: Called Strike
0-1: Ball
1-1: Ball
2-1: Called Strike
Ralph McKnight steals 2nd base
2-2: Ball
3-2: Foul Ball, location: 2F
3-2: SINGLE (Flyball, 8LS)
Manuel González scores
Ralph McKnight to third
Batting: RHB Bob Sargent 0-0: Foul Ball, location: 2F
0-1: Ball
1-1: Ball
2-1: Ball
3-1: Base on Balls
Luis Tapia to second
Batting: LHB Juan Gabriel 0-0: Ball
1-0: Fly out, F7 (Flyball, 78M)
Runner from 3rd tags up, SCORES, no throw
Batting: RHB Hiwahikeiki Noelani 0-0: Called Strike
0-1: Ball
1-1: Swinging Strike
1-2: Fly out, F8 (Popup, 8LS)
Batting: LHB José Pérez 0-0: Ball
1-0: Called Strike
1-1: Ball
2-1: Called Strike
2-2: Foul Ball, location: 2F
2-2: Fly out, F7 (Line Drive, 7M)
Top of the 1st over - 2 run(s), 2 hit(s), 0 error(s), 2 left on base; Augusta 2 - Pawnee 0
BOTTOM OF THE 1ST
Pawnee ParksNRec batting - Pitching for Augusta Timber Hawks : RHP Iván Castillo
Pitching: RHP Iván Castillo
Batting: RHB Mark Allen 0-0: Ball
1-0: Ball
2-0: DOUBLE (Flyball, 89D)
Batting: LHB Jorge Aicón 0-0: Ball
1-0: Swinging Strike
1-1: Called Strike
1-2: Fly out, F6 (Popup, 6MD)
Batting: RHB Eldon McGillivour 0-0: Ball
1-0: Ball
2-0: Called Strike
2-1: Ball
3-1: Fly out, F7 (Flyball, 7S)
Batting: RHB Miguel Silva 0-0: Ball
1-0: Ball
2-0: Swinging Strike
2-1: Ball
3-1: Base on Balls
Batting: LHB Keith Bridges 0-0: Called Strike
0-1: Called Strike
0-2: Ball
1-2: Foul Ball, location: 2F
Balk!
Mark Allen to third
Miguel Silva to second
1-2: Ball
2-2: Ball
3-2: Foul Ball, location: 2F
3-2: DOUBLE (Line Drive, 9LM)
Mark Allen scores
Miguel Silva scores
Batting: LHB Ernesto Sánchez 0-0: Ball
1-0: Fly out, F6 (Popup, 6MD)
Bottom of the 1st over - 2 run(s), 2 hit(s), 0 error(s), 1 left on base; Augusta 2 - Pawnee 2
TOP OF THE 2ND
Augusta Timber Hawks batting - Pitching for Pawnee ParksNRec : RHP Albert Castillo
Batting: RHB Marlon Cummins 0-0: Ball
1-0: Ball
2-0: Ball
3-0: Called Strike
3-1: Base on Balls
Batting: RHB Danny Penn 0-0: Ball
1-0: Fly out, F7 (Flyball, 78D)
Batting: SHB Manuel González 0-0: Called Strike
0-1: Swinging Strike
0-2: Strikes out swinging
Batting: RHB Ralph McKnight 0-0: Called Strike
0-1: Called Strike
0-2: Ball
1-2: Strikes out looking
Top of the 2nd over - 0 run(s), 0 hit(s), 0 error(s), 1 left on base; Augusta 2 - Pawnee 2
BOTTOM OF THE 2ND
Pawnee ParksNRec batting - Pitching for Augusta Timber Hawks : RHP Iván Castillo
Batting: RHB Ronald Hines 0-0: Foul Ball, location: 2F
0-1: Ball
1-1: Called Strike
1-2: Strikes out swinging
Batting: RHB Julián Salcido 0-0: Ball
1-0: Called Strike
1-1: Foul Ball, location: 2F
1-2: Ball
2-2: Fly out, F7 (Flyball, 7LM)
Batting: SHB Júlio Camacho 0-0: Ball
1-0: Called Strike
1-1: Ball
2-1: Fly out, F1 (Line Drive, 15)
Bottom of the 2nd over - 0 run(s), 0 hit(s), 0 error(s), 0 left on base; Augusta 2 - Pawnee 2
TOP OF THE 3RD
Augusta Timber Hawks batting - Pitching for Pawnee ParksNRec : RHP Albert Castillo
Batting: RHB Luis Tapia 0-0: Ball
1-0: Fly out, F7 (Flyball, 78XD)
Batting: RHB Bob Sargent 0-0: Ball
1-0: Ball
2-0: Ball
3-0: Base on Balls
Batting: LHB Juan Gabriel 0-0: Called Strike
0-1: Ball
1-1: Swinging Strike
1-2: Fly out, F4 (Line Drive, 4M)
Batting: RHB Hiwahikeiki Noelani 0-0: Called Strike
0-1: Called Strike
0-2: Ball
1-2: Ball
2-2: Ball
3-2: Foul Ball, location: 2F
3-2: Strikes out swinging
Top of the 3rd over - 0 run(s), 0 hit(s), 0 error(s), 1 left on base; Augusta 2 - Pawnee 2
BOTTOM OF THE 3RD
Pawnee ParksNRec batting - Pitching for Augusta Timber Hawks : RHP Iván Castillo
Batting: RHB Mark Allen 0-0: Called Strike
0-1: Ball
1-1: Fly out, F7 (Flyball, 78S)
Batting: LHB Jorge Aicón 0-0: Called Strike
0-1: Called Strike
0-2: Ground out 3-1 (Groundball, 3)
Batting: RHB Eldon McGillivour 0-0: Ball
1-0: Ball
2-0: Ball
3-0: Foul Ball, location: 2F
3-1: Foul Ball, location: 2F
3-2: Foul Ball, location: 2F
3-2: Foul Ball, location: 2F
3-2: Foul Ball, location: 2F
3-2: Base on Balls
Batting: RHB Miguel Silva 0-0: Called Strike
0-1: Called Strike
0-2: Ball
1-2: Strikes out swinging
Bottom of the 3rd over - 0 run(s), 0 hit(s), 0 error(s), 1 left on base; Augusta 2 - Pawnee 2
TOP OF THE 4TH
Augusta Timber Hawks batting - Pitching for Pawnee ParksNRec : RHP Albert Castillo
Batting: LHB José Pérez 0-0: Ball
1-0: Ground out 4-3 (Groundball, 4M)
Batting: RHB Marlon Cummins 0-0: TRIPLE (Line Drive, 7LS)
Batting: RHB Danny Penn 0-0: Foul Ball, location: 2F
0-1: Ball
1-1: Called Strike
1-2: SINGLE (Flyball, 89S)
Marlon Cummins scores
Batting: SHB Manuel González 0-0: Ball
1-0: Ball
2-0: Foul Ball, location: 2F
2-1: Ball
3-1: Foul Ball, location: 2F
3-2: Foul Ball, location: 2F
3-2: Fly out, F8 (Flyball, 8LM)
3-2: Fly out, F8 (Flyball, 8LM)
Batting: RHB Ralph McKnight 0-0: Ball
1-0: Fly out, F4 (Popup, 4)
Top of the 4th over - 1 run(s), 2 hit(s), 0 error(s), 1 left on base; Augusta 3 - Pawnee 2
BOTTOM OF THE 4TH
Pawnee ParksNRec batting - Pitching for Augusta Timber Hawks : RHP Iván Castillo
Batting: LHB Keith Bridges 0-0: Swinging Strike
0-1: DOUBLE (Line Drive, 7LS)
Batting: LHB Ernesto Sánchez 0-0: Foul Ball, location: 2F
0-1: Called Strike
0-2: Ball
1-2: Strikes out swinging
Batting: RHB Ronald Hines 0-0: Ball
1-0: Foul Ball, location: 2F
1-1: Ball
2-1: Ground out 6-3 (Groundball, 6)
Batting: RHB Julián Salcido 0-0: Called Strike
0-1: Swinging Strike
0-2: Ball
1-2: Foul Ball, location: 2F
1-2: Ball
2-2: SINGLE (Line Drive, 3)
Keith Bridges to third
Runner from 3rd tries for Home, SAFE, no throw or cutoff
Batting: SHB Júlio Camacho 0-0: Ball
Julián Salcido steals 2nd base
1-0: Called Strike
1-1: Called Strike
1-2: Foul Ball, location: 2F
1-2: Ground out U3 (Groundball, 3L)
Bottom of the 4th over - 1 run(s), 2 hit(s), 0 error(s), 1 left on base; Augusta 3 - Pawnee 3
TOP OF THE 5TH
Augusta Timber Hawks batting - Pitching for Pawnee ParksNRec : RHP Albert Castillo
Batting: RHB Luis Tapia 0-0: Swinging Strike
0-1: Ball
1-1: Called Strike
1-2: Strikes out swinging
Batting: RHB Bob Sargent 0-0: Called Strike
0-1: Ball
1-1: SINGLE (Groundball, 4MD)
Batting: LHB Juan Gabriel 0-0: Ball
1-0: SINGLE (Line Drive, 7S)
Bob Sargent to second
Batting: RHB Hiwahikeiki Noelani 0-0: Called Strike
0-1: Foul Ball, location: 2F
0-2: SINGLE (Line Drive, 9LM)
Bob Sargent to third
Juan Gabriel to second
Batting: LHB José Pérez 0-0: Ball
1-0: Ball
2-0: Foul Ball, location: 2F
2-1: SINGLE (Line Drive, 7S)
Bob Sargent scores
Juan Gabriel to third
Hiwahikeiki Noelani to second
Batting: RHB Marlon Cummins 0-0: Ball
1-0: Ball
2-0: Called Strike
2-1: Ball
3-1: Base on Balls
Juan Gabriel scores
Hiwahikeiki Noelani to third
José Pérez to second
Batting: RHB Danny Penn 0-0: SINGLE (Flyball, 89S)
Hiwahikeiki Noelani scores
José Pérez to third
Marlon Cummins to second
Pitching: RHP Ben Quinn
Batting: SHB Manuel González 0-0: Foul Ball, location: 2F
0-1: Ball
1-1: Ball
2-1: Swinging Strike
2-2: Foul Ball, location: 2F
2-2: Strikes out looking
Batting: RHB Ralph McKnight 0-0: Ball
1-0: Called Strike
1-1: Ball
2-1: Ball
3-1: Base on Balls
José Pérez scores
Marlon Cummins to third
Danny Penn to second
Batting: RHB Luis Tapia 0-0: Fly out, F8 (Flyball, 8LD)
Top of the 5th over - 4 run(s), 5 hit(s), 0 error(s), 3 left on base; Augusta 7 - Pawnee 3
BOTTOM OF THE 5TH
Pawnee ParksNRec batting - Pitching for Augusta Timber Hawks : RHP Iván Castillo
Batting: RHB Mark Allen 0-0: Ball
1-0: Ball
2-0: Called Strike
2-1: Ball
3-1: Foul Ball, location: 2F
3-2: Base on Balls
Batting: LHB Jorge Aicón 0-0: SINGLE (Groundball, 34D)
Mark Allen to second
Runner from 2nd tries for 3rd, SAFE, no throw or cutoff
Batting: RHB Eldon McGillivour 0-0: Called Strike
0-1: DOUBLE (Line Drive, 89D)
Mark Allen scores
Jorge Aicón to third
Batting: RHB Miguel Silva 0-0: Ball
1-0: Called Strike
1-1: SINGLE (Flyball, 9LS)
Jorge Aicón scores
Eldon McGillivour to third
Pitching: RHP Ben Fleming
Batting: LHB Keith Bridges 0-0: Foul Ball, location: 2F
0-1: Fly out, F9 (Line Drive, 89D)
Runner from 3rd tags up, SCORES, no throw
Batting: LHB Ernesto Sánchez 0-0: Ball
1-0: Foul Ball, location: 2F
1-1: Ball
2-1: Ball
3-1: Base on Balls
Miguel Silva to second
Batting: RHB Ronald Hines 0-0: Called Strike
0-1: Ball
1-1: Foul Ball, location: 2F
1-2: Foul Ball, location: 2F
1-2: Ball
2-2: Strikes out swinging
Batting: RHB Julián Salcido 0-0: Called Strike
0-1: Ball
1-1: Swinging Strike
1-2: Ball
2-2: Foul Ball, location: 2F
2-2: Foul Ball, location: 2F
2-2: Fly out, F9 (Flyball, 8RD)
Bottom of the 5th over - 3 run(s), 3 hit(s), 0 error(s), 2 left on base; Augusta 7 - Pawnee 6
TOP OF THE 6TH
Augusta Timber Hawks batting - Pitching for Pawnee ParksNRec : RHP Ben Quinn
Batting: RHB Bob Sargent 0-0: Ball
1-0: Ball
2-0: Called Strike
2-1: Fly out, F7 (Flyball, 7LM)
Batting: LHB Juan Gabriel 0-0: Foul Ball, location: 2F
0-1: Ball
1-1: Ground out 4-3 (Groundball, 4)
Batting: RHB Hiwahikeiki Noelani 0-0: Ball
1-0: Ball
2-0: Swinging Strike
2-1: Ball
3-1: SINGLE (Groundball, 6MD)
Batting: LHB José Pérez 0-0: Ball
1-0: Called Strike
1-1: Foul Ball, location: 2F
1-2: Ball
Hiwahikeiki Noelani is caught stealing 2nd base
Top of the 6th over - 0 run(s), 1 hit(s), 0 error(s), 0 left on base; Augusta 7 - Pawnee 6
BOTTOM OF THE 6TH
Pawnee ParksNRec batting - Pitching for Augusta Timber Hawks : RHP Ben Fleming
Batting: SHB Júlio Camacho 0-0: SINGLE (Line Drive, 4MD)
Batting: RHB Mark Allen 0-0: Bunted foul
0-1: Bunted foul
0-2: Foul Ball, location: 2F
0-2: SINGLE (Flyball, 9LS)
Júlio Camacho to second
Runner from 2nd tries for 3rd, SAFE, no throw or cutoff
Batting: LHB Jorge Aicón 0-0: Fly out, F2 (Popup, 23F)
Batting: RHB Eldon McGillivour 0-0: Foul Ball, location: 2F
0-1: Ball
1-1: Ball
2-1: Grounds into double play, 6-4-3 (Groundball, 6)
Bottom of the 6th over - 0 run(s), 2 hit(s), 0 error(s), 1 left on base; Augusta 7 - Pawnee 6
TOP OF THE 7TH
Augusta Timber Hawks batting - Pitching for Pawnee ParksNRec : RHP Ben Quinn
Batting: LHB José Pérez 0-0: Called Strike
0-1: Called Strike
0-2: Ball
1-2: Foul Ball, location: 2F
1-2: DOUBLE (Groundball, 5L)
Pinch Hitting: RHB Claudio Mendoza 0-0: Called Strike
0-1: Ball
1-1: Ball
2-1: Bunted foul
2-2: Fly out, F9 (Flyball, 89S)
Batting: RHB Danny Penn 0-0: Fly out, F9 (Flyball, 9M)
Batting: SHB Manuel González 0-0: Called Strike
0-1: Ball
1-1: Ball
2-1: Swinging Strike
2-2: Ball
3-2: Ground out 5-3 (Groundball, 5)
Top of the 7th over - 0 run(s), 1 hit(s), 0 error(s), 1 left on base; Augusta 7 - Pawnee 6
BOTTOM OF THE 7TH
Pawnee ParksNRec batting - Pitching for Augusta Timber Hawks : RHP Ben Fleming
Now at 2B: Claudio Mendoza
Batting: RHB Miguel Silva 0-0: Ball
1-0: Ball
2-0: Called Strike
2-1: Foul Ball, location: 2F
2-2: Ball
3-2: Base on Balls
Batting: LHB Keith Bridges 0-0: Foul Ball, location: 2F
0-1: Foul Ball, location: 2F
0-2: Ball
1-2: Ball
2-2: Fielders Choice at 2nd, 3-6 (Groundball, 3)
Batting: LHB Ernesto Sánchez 0-0: Ball
1-0: DOUBLE (Line Drive, 9LD)
Keith Bridges to third
Batting: RHB Ronald Hines 0-0: Called Strike
0-1: Swinging Strike
0-2: Fly out, F9 (Popup, 9S)
Batting: RHB Julián Salcido 0-0: Ball
1-0: SINGLE (Groundball, 56D)
Keith Bridges scores
Ernesto Sánchez to third
Runner from 3rd tries for Home, SAFE, no throw or cutoff
Batting: SHB Júlio Camacho 0-0: Ball
1-0: Foul Ball, location: 2F
1-1: Fly out, F5 (Line Drive, 5)
Bottom of the 7th over - 2 run(s), 2 hit(s), 0 error(s), 1 left on base; Augusta 7 - Pawnee 8
TOP OF THE 8TH
Augusta Timber Hawks batting - Pitching for Pawnee ParksNRec : RHP Ben Quinn
Batting: RHB Ralph McKnight 0-0: Ball
1-0: Called Strike
1-1: Swinging Strike
1-2: Foul Ball, location: 2F
1-2: SINGLE (Line Drive, 78S)
Batting: RHB Luis Tapia 0-0: Grounds into double play, 4-6-3 (Groundball, 4)
Pitching: RHP Jim Unknown
Batting: RHB Bob Sargent 0-0: Ball
1-0: Foul Ball, location: 2F
1-1: Ball
2-1: Ground out 6-3 (Groundball, 6)
Top of the 8th over - 0 run(s), 1 hit(s), 0 error(s), 0 left on base; Augusta 7 - Pawnee 8
BOTTOM OF THE 8TH
Pawnee ParksNRec batting - Pitching for Augusta Timber Hawks : RHP Ben Fleming
Pitching: RHP Cristiano Marron
Batting: RHB Mark Allen 0-0: Ball
1-0: Swinging Strike
1-1: Ball
2-1: Foul Ball, location: 2F
2-2: Fly out, F4 (Flyball, 9S)
Batting: LHB Jorge Aicón 0-0: Called Strike
0-1: Called Strike
0-2: Fly out, F8 (Flyball, 8RD)
Batting: RHB Eldon McGillivour 0-0: Ball
1-0: Fly out, F4 (Popup, 3DF)
Bottom of the 8th over - 0 run(s), 0 hit(s), 0 error(s), 0 left on base; Augusta 7 - Pawnee 8
TOP OF THE 9TH
Augusta Timber Hawks batting - Pitching for Pawnee ParksNRec : RHP Jim Unknown
Pinch Hitting: LHB Dinis Marcha 0-0: Ball
1-0: Ball
2-0: Swinging Strike
2-1: Ball
3-1: Base on Balls
Batting: RHB Hiwahikeiki Noelani 0-0: Bunt missed!
0-1: Sac Bunt - play at first, batter OUT! 2-4
Dinis Marcha to second
Pinch Hitting: RHB Pedro Jiménez 0-0: Ball
1-0: Foul Ball, location: 2F
1-1: Fly out, F7 (Flyball, 78M)
Batting: RHB Claudio Mendoza 0-0: Called Strike
0-1: SINGLE (Flyball, 89S)
Dinis Marcha to third
Runner from 3rd tries for Home, SAFE, no throw or cutoff
Batting: RHB Danny Penn 0-0: Foul Ball, location: 2F
0-1: Called Strike
Pickoff Throw to First - Error! E1
Claudio Mendoza to second
0-2: Foul Ball, location: 2F
0-2: Strikes out swinging
Top of the 9th over - 1 run(s), 1 hit(s), 1 error(s), 1 left on base; Augusta 8 - Pawnee 8
BOTTOM OF THE 9TH
Pawnee ParksNRec batting - Pitching for Augusta Timber Hawks : RHP Cristiano Marron
Pitching: LHP Keith Hall
Now at C: Dinis Marcha
Now at 2B: Pedro Jiménez
Batting: RHB Miguel Silva 0-0: Ball
1-0: Ground out 3-1 (Groundball, 34)
Pinch Hitting: RHB Dale Blair 0-0: Ball
1-0: Fly out, F8 (Line Drive, 8RM)
Batting: LHB Ernesto Sánchez 0-0: Ball
1-0: Foul Ball, location: 2F
1-1: Foul Ball, location: 2F
1-2: Fly out, F8 (Flyball, 8LD)
Bottom of the 9th over - 0 run(s), 0 hit(s), 0 error(s), 0 left on base; Augusta 8 - Pawnee 8
TOP OF THE 10TH
Augusta Timber Hawks batting - Pitching for Pawnee ParksNRec : RHP Jim Unknown
Now at 3B: Dale Blair
Batting: SHB Manuel González 0-0: Ball
1-0: Ball
2-0: Foul Ball, location: 2F
2-1: Swinging Strike
2-2: Ball
3-2: SINGLE (Line Drive, 4)
Batting: RHB Ralph McKnight 0-0: Sac Bunt - play at first, batter OUT! 1-4
Manuel González to second
Batting: RHB Luis Tapia 0-0: Called Strike
0-1: Ball
1-1: Foul Ball, location: 2F
1-2: Foul Ball, location: 2F
1-2: Ground out 3-1 (Groundball, 34)
Manuel González to third
Pitching: RHP Melvin González
Batting: RHB Bob Sargent 0-0: Called Strike
0-1: Called Strike
0-2: Ball
1-2: Foul Ball, location: 2F
1-2: Ball
2-2: Ball
3-2: Foul Ball, location: 2F
3-2: Fly out, F9 (Flyball, 9M)
Top of the 10th over - 0 run(s), 1 hit(s), 0 error(s), 1 left on base; Augusta 8 - Pawnee 8
BOTTOM OF THE 10TH
Pawnee ParksNRec batting - Pitching for Augusta Timber Hawks : LHP Keith Hall
Batting: RHB Ronald Hines 0-0: Foul Ball, location: 2F
0-1: Fly out, F8 (Flyball, 78D)
Batting: RHB Julián Salcido 0-0: Called Strike
0-1: Ground out 6-3 (Groundball, 6)
Pinch Hitting: RHB Jim Unknown 0-0: Ball
1-0: Called Strike
1-1: Ground out 5-3 (Groundball, 5L)
Bottom of the 10th over - 0 run(s), 0 hit(s), 0 error(s), 0 left on base; Augusta 8 - Pawnee 8
TOP OF THE 11TH
Augusta Timber Hawks batting - Pitching for Pawnee ParksNRec : RHP Melvin González
Now at 3B: Jim Unknown
Batting: LHB Dinis Marcha 0-0: Swinging Strike
0-1: Ball
1-1: SINGLE (Groundball, 4MD)
Batting: RHB Hiwahikeiki Noelani 0-0: Ball
1-0: Reached on error, E1 (Groundball, 15S)
Dinis Marcha to second
Pinch Runner at 2nd Phil Moore:
Batting: RHB Pedro Jiménez 0-0: Fly out, F3 (Popup, 3S)
Batting: RHB Claudio Mendoza 0-0: Ball
1-0: Ball
2-0: Called Strike
2-1: Ball
3-1: Foul Ball, location: 2F
3-2: Fly out, F9 (Flyball, 89M)
Batting: RHB Danny Penn 0-0: Ball
1-0: Called Strike
1-1: Ball
2-1: Foul Ball, location: 2F
2-2: Fly out, F4 (Popup, 4)
Top of the 11th over - 0 run(s), 1 hit(s), 1 error(s), 2 left on base; Augusta 8 - Pawnee 8
BOTTOM OF THE 11TH
Pawnee ParksNRec batting - Pitching for Augusta Timber Hawks : LHP Keith Hall
Pitching: LHP Arnold Berry
Now at C: José Fuentes
Batting: RHB Mark Allen 0-0: Ball
1-0: Ground out 6-3 (Groundball, 56)
Batting: LHB Jorge Aicón 0-0: Foul Ball, location: 2F
0-1: Ground out 6-3 (Groundball, 6M)
Batting: RHB Eldon McGillivour 0-0: Foul Ball, location: 2F
0-1: Ball
1-1: Swinging Strike
1-2: Ball
2-2: Foul Ball, location: 2F
2-2: Strikes out swinging
Bottom of the 11th over - 0 run(s), 0 hit(s), 0 error(s), 0 left on base; Augusta 8 - Pawnee 8
TOP OF THE 12TH
Augusta Timber Hawks batting - Pitching for Pawnee ParksNRec : RHP Melvin González
Batting: SHB Manuel González 0-0: Ball
1-0: Swinging Strike
1-1: Fly out, F8 (Flyball, 8RS)
Batting: RHB Ralph McKnight 0-0: Ball
1-0: Ball
2-0: Ball
3-0: Called Strike
3-1: Foul Ball, location: 2F
3-2: Foul Ball, location: 2F
3-2: Foul Ball, location: 2F
3-2: Base on Balls
Batting: RHB Luis Tapia 0-0: Grounds into double play, 6-4-3 (Groundball, 6)
Top of the 12th over - 0 run(s), 0 hit(s), 0 error(s), 0 left on base; Augusta 8 - Pawnee 8
BOTTOM OF THE 12TH
Pawnee ParksNRec batting - Pitching for Augusta Timber Hawks : LHP Arnold Berry
Batting: RHB Miguel Silva 0-0: Foul Ball, location: 2F
0-1: Ball
1-1: Ball
2-1: Ground out 1-3 (Groundball, 13)
Batting: RHB Dale Blair 0-0: Ball
1-0: Fly out, F9 (Flyball, 89M)
Batting: LHB Ernesto Sánchez 0-0: SINGLE (Line Drive, 9S)
Batting: RHB Ronald Hines 0-0: Called Strike
0-1: Reached on error, E6 (Groundball, 6)
Ernesto Sánchez to third
Batting: RHB Julián Salcido 0-0: Ground out 4-3 (Groundball, 4M)
Bottom of the 12th over - 0 run(s), 1 hit(s), 1 error(s), 2 left on base; Augusta 8 - Pawnee 8
TOP OF THE 13TH
Augusta Timber Hawks batting - Pitching for Pawnee ParksNRec : RHP Melvin González
Batting: RHB Bob Sargent 0-0: Ball
1-0: Called Strike
1-1: Ball
2-1: SINGLE (Line Drive, 56D)
Batting: RHB José Fuentes 0-0: Ball
1-0: Foul Ball, location: 2F
1-1: Foul Ball, location: 2F
1-2: Ball
2-2: Strikes out swinging
Batting: RHB Hiwahikeiki Noelani 0-0: Ball
1-0: Foul Ball, location: 2F
1-1: Called Strike
1-2: Ball
2-2: Foul Ball, location: 2F
2-2: Strikes out swinging
Batting: RHB Pedro Jiménez 0-0: Ball
1-0: SINGLE (Groundball, 13) (infield hit)
Bob Sargent to second
Pitching: LHP Jim Unknown
Pinch Runner at 2nd Oscar Lewis:
Batting: RHB Claudio Mendoza 0-0: Called Strike
0-1: Called Strike
0-2: Fly out, F7 (Flyball, 7M)
Top of the 13th over - 0 run(s), 2 hit(s), 0 error(s), 2 left on base; Augusta 8 - Pawnee 8
BOTTOM OF THE 13TH
Pawnee ParksNRec batting - Pitching for Augusta Timber Hawks : LHP Arnold Berry
Batting: RHB Jim Unknown 0-0: Called Strike
0-1: Ball
1-1: Ball
2-1: Foul Ball, location: 2F
2-2: Strikes out swinging
Batting: RHB Mark Allen 0-0: Called Strike
0-1: Ball
1-1: Foul Ball, location: 2F
1-2: DOUBLE (Groundball, 5L)
Batting: LHB Jorge Aicón 0-0: Foul Ball, location: 2F
0-1: SINGLE (Groundball, 6M)
Mark Allen to third
Runner from 3rd tries for Home, SAFE, throw made home
This league is powered by Out of the Park Baseball, the baseball management simulation game for PC, Mac and Linux
Monday, October 3rd, 2016 - OOTP Baseball 16.9 Build 39